 Dungeon Crawl Stone Soup version 0.24.0-13-gcf9b3192b9 (webtiles) character file.

Game seed: 15106414101179872312, levelgen mode: deterministic

421 Delamore the Cleaver (level 6, -1/51 HPs)
             Began as a Hill Orc Monk on Nov 7, 2019.
             Was a Believer of Beogh.
             Slain by Menkaure (16 damage)
             ... on level 5 of the Dungeon.
             The game lasted 00:07:32 (5029 turns).

Delamore the Cleaver (Hill Orc Monk)                Turns: 5029, Time: 00:07:32

Health: -1/51      AC:  4    Str: 18    XL:     6   Next: 94%
Magic:  6/6        EV: 13    Int: 10    God:    Beogh [**....]
Gold:   286        SH:  0    Dex: 13    Spells: 5/5 levels left

rFire    . . .     SeeInvis .   a - +0 hand axe
rCold    + . .     Gourm    .   (no shield)
rNeg     . . .     Faith    .   b - +0 robe
rPois    .         Spirit   .   (no helmet)
rElec    .         Reflect  .   (no cloak)
rCorr    .         Harm     .   (no gloves)
MR       +....                  (no boots)
Stlth    ++........             g - amulet of magic regeneration
HPRegen  0.17/turn              q - ring of protection from magic
MPRegen  0.35/turn              v - ring of protection from cold

@: starving
A: yellow scales 1, screaming 1, strong 1
a: Smiting, Renounce Religion


You were on level 5 of the Dungeon.
You worshipped Beogh.
Beogh was pleased with you.
You were starving.

You visited 1 branch of the dungeon, and saw 5 of its levels.

You collected 286 gold pieces.

Inventory:

Hand Weapons
 a - a +0 hand axe (weapon)
Missiles
 m - 8 atropa-tipped darts (quivered)
 t - 29 poisoned darts
Armour
 b - a +0 robe (worn)
 e - a +0 plate armour
Jewellery
 g - an amulet of magic regeneration (around neck)
 q - a ring of protection from magic (left hand)
 v - a ring of protection from cold (right hand)
 w - an uncursed ring of protection from magic
Wands
 n - a wand of random effects (15)
Scrolls
 h - a scroll of identify {unknown}
 i - a scroll of enchant armour {unknown}
 l - a scroll of blinking {unknown}
 o - 3 scrolls of teleportation
Potions
 d - 2 potions of curing
 f - a potion of flight {unknown}
 k - a potion of invisibility {unknown}
 p - a potion of brilliance {unknown}
 r - a potion of ambrosia {unknown}
 s - a potion of mutation
 u - a potion of heal wounds {unknown}
Comestibles
 c - 8 rations


   Skills:
 - Level 3.6 Fighting
 + Level 9.8 Axes
 + Level 0.6 Throwing
 - Level 2.4 Dodging
 - Level 1.5 Stealth


You had 5 spell levels left.
You didn't know any spells.
Your spell library was empty.

Dungeon Overview and Level Annotations

Branches:
Dungeon (5/15)
 Temple: D:4-7

Altars:
Trog

Annotations:
D:5 Menkaure


Innate Abilities, Weirdness & Mutations

You are partially covered in yellow scales. (AC +2)
You occasionally shout uncontrollably at your foes.
Your muscles are strong. (Str +2)


Message History

Your body is wracked with pain!
* * * LOW HITPOINT WARNING * * *
It was a potion of mutation.
You feel extremely strange.
You feel the urge to shout.
Yellow scales grow over part of your body.
You feel stronger. The leopard gecko closely misses you.
Menkaure closely misses you. The leopard gecko misses you.
You hit Menkaure.
Menkaure is heavily damaged.
You barely miss the leopard gecko. The leopard gecko closely misses you.
You hit Menkaure but do no damage.
Menkaure is heavily damaged.
You hit the leopard gecko but do no damage.
Menkaure misses you.
You hit Menkaure.
Menkaure is severely damaged.
You miss the leopard gecko. The leopard gecko barely misses you.
Menkaure hits you!
You die...

...#...#.....###
####...#.#.#.##
... #
#...#.#.#..# ...
# #.....#.##.#
..#
#...###.##)##
...## #...#
#.##..# ##.#..>
#...# #.###.#
......# #...#
#.# #.##M.....#
#####
#.###.#@l......
#....#......
#..#.## ...#.
....#... #...
...###.... ..
#.#. #....# . #
# ######


You could see Menkaure and a leopard gecko.

Vanquished Creatures
  2 ogres (D:4)
  An iguana (D:4)
  An orc wizard (D:4)
  2 worker ants (D:5)
  3 adders
  An ooze (D:3)
  4 worms
  2 dart slugs
  5 leopard geckos
  4 orcs
  3 bats
  6 giant cockroaches
  12 goblins
  9 hobgoblins
  3 jackals (D:3)
  A frilled lizard (D:1)
  5 kobolds
  A leopard gecko skeleton (D:4)
  10 rats
75 creatures vanquished.

Vanquished Creatures (others)
  2 scorpions (D:4)
  An orc priest (D:4)
  A worker ant (D:4)
  3 orcs (D:4)
7 creatures vanquished.

Grand Total: 82 creatures vanquished

Notes
Turn   | Place    | Note
-------+----------+-------------------------------------------
     0 | D:1      | Delamore the Hill Orc Monk began the quest for the Orb.
     0 | D:1      | Reached XP level 1. HP: 19/19 MP: 1/1
   282 | D:1      | Reached XP level 2. HP: 25/26 MP: 2/2
   321 | D:1      | Reached skill level 5 in Axes
   690 | D:1      | Reached XP level 3. HP: 28/31 MP: 3/3
  1466 | D:2      | Reached skill level 6 in Axes
  1533 | D:2      | Reached XP level 4. HP: 24/39 MP: 4/4
  2420 | D:3      | HP: 1/39 [worm (5)]
  2421 | D:3      | Reached skill level 7 in Axes
  3373 | D:4      | Reached XP level 5. HP: 45/45 MP: 5/5
  3377 | D:4      | Became a worshipper of Beogh the Brigand
  3377 | D:4      | Reached * piety under Beogh
  3377 | D:4      | Reached ** piety under Beogh
  3430 | D:4      | HP: 1/45 [iguana (8)]
  3796 | D:4      | Reached skill level 8 in Axes
  4033 | D:4      | Noticed an ogre
  4037 | D:4      | Noticed an ogre
  4096 | D:4      | Killed an ogre
  4096 | D:4      | Reached skill level 9 in Axes
  4096 | D:4      | Reached XP level 6. HP: 34/51 MP: 6/6
  4189 | D:4      | Found a bloodstained altar of Trog.
  4635 | D:5      | Entered Level 5 of the Dungeon
  5015 | D:5      | Noticed Menkaure
  5026 | D:5      | Gained mutation: You occasionally shout uncontrollably at
                  | your foes. [potion of mutation]
  5026 | D:5      | Gained mutation: You are partially covered in yellow
                  | scales. (AC +2) [potion of mutation]
  5026 | D:5      | Gained mutation: Your muscles are strong. (Str +2) [potion
                  | of mutation]
  5029 | D:5      | Slain by Menkaure

Levels and vault maps discovered:
D:1:      saegor_arrival_under_anarchy, layout_basic
D:2:      layout_basic, hex_large
D:3:      layout_basic, first_ration, gup_sewer_entry_bubbles, eino_tiny_chamber
D:4:      layout_basic, trog_hazing_becter
D:5:      layout_rooms, uniq_menkaure

Skill      XL: |  1  2  3  4  5 |
---------------+----------------+-----
Axes           | 5 6 7 9 |  9.8
Fighting       | |  3.6
Throwing       | |  0.6
Dodging        | |  2.4
Stealth        | |  1.5

Action                   |  1- 3 |  4- 6 || total
-------------------------+-------+-------++-------
Melee: Hand axe          |    95 |   243 ||   338
Throw: Dart              |       |     8 ||     8
Invok: Convert to Beogh  |       |     1 ||     1
Evoke: Wand              |       |     1 ||     1
  Use: Potion            |     1 |     5 ||     6
       Scroll            |       |     4 ||     4
 Stab: Sleeping          |       |     1 ||     1
  Eat: Chunk             |     1 |    10 ||    11
Armor: Robe              |    13 |    19 ||    32
       Skin              |       |     5 ||     5
Dodge: Dodged            |    55 |   150 ||   205
